[Event "Early-Titled-Tuesday-Blitz-August-29-2023"]
[Site "Chess.com"]
[Date "2023.08.29"]
[Round "8"]
[White "Rsnr"]
[Black "chess94cu"]
[Result "1/2-1/2"]
[WhiteElo "2894"]
[BlackElo "2718"]
[TimeControl "180+1"]
[EndTime "9:26:49 PDT"]
[Termination "Game drawn by repetition"]

1. d4 Nf6 2. c4 e6 3. Nf3 d5 4. e3 a6 5. b3 b6 6. Bd3 Bb7 7. O-O Nbd7 8. Bb2 Bd6 9. Qe2 O-O 10.
Nbd2 Ne4 11. Rad1 Qe7 12. Ne5 Nxe5 13. dxe5 Bb4 14. Nxe4 dxe4 15. Bc2 Rfd8 16. Rd4 Bc5 17. Rxd8+ Rxd8 18. Rd1 Rd7 19. Bc3 a5 20. Rd2 Qd8 21.
Rxd7 Qxd7 22. h4 Bb4 23. Bd4 Be7 24. Qg4 c5 25. Bc3 Qc6 26. h5 h6 27. Qd1 Kf8 28.
a3 Ke8 29. Qg4 Kf8 30. Qd1 Qc7 31. g3 Kg8 32. Kh2 Kf8 33. Qg4 Qc6 34. Qd1 Qc7 35. Kh3 Kg8 36. Qd2 Kf8 37. Qd1 Kg8 38. Kh2 Kf8 1/2-1/2

[Event "Early-Titled-Tuesday-Blitz-August-29-2023"]
[Site "Chess.com"]
[Date "2023.08.29"]
[Round "8"]
[White "Brave_spirit12"]
[Black "wannabe2700"]
[Result "1-0"]
[WhiteElo "2837"]
[BlackElo "2651"]
[TimeControl "180+1"]
[EndTime "9:26:49 PDT"]
[Termination "Brave_spirit12 won by checkmate"]

1. e4 Nc6 2. d4 e5 3. Nf3 exd4 4. c3 dxc3 5. Bc4 cxb2 6. Bxb2 Bb4+ 7. Nc3 Nf6 8. O-O d6 9. Nd5 Be6 10. Ng5 a5 11. Nxe6 fxe6 12. Nxf6+ gxf6 13. Bxe6 h5 14. f4 Qe7 15. Bf5 Qf7 16. e5 Ne7 17. Bh3 f5 18. exd6 Bxd6 19. Bxh8 O-O-O 20. Bd4 Bc5 21. Bxc5 Rxd1 22.
Raxd1 Nc6 23. Rfe1 b6 24. Bf2 Nb4 25. a3 Nc2 26.
Re5 Kb7 27. Bxf5 Nxa3 28. Be4+ c6 29. g3 Nc4 30. Rf5 Qe6 31. Bd3 a4 32. Rxh5 a3 33. Rh7+ Ka6 34. Rc1 b5 35. Ra7# 1-0

[Event "Early-Titled-Tuesday-Blitz-August-29-2023"]
[Site "Chess.com"]
[Date "2023.08.29"]
[Round "8"]
[White "KorolDimitriy75"]
[Black "Lady_Nika"]
[Result "0-1"]
[WhiteElo "2346"]
[BlackElo "2472"]
[TimeControl "180+1"]
[EndTime "9:26:49 PDT"]
[Termination "Lady_Nika won on time"]

1. d4 d5 2. c4 e6 3. Nc3 Nf6 4. Bg5 Be7 5. cxd5 exd5 6. e3 O-O 7. Bd3 c6 8. Qc2 Nbd7 9. Nge2 Re8 10. f3 b5 11. O-O h6 12. Bh4 b4 13. Na4 Bb7 14. Rad1 a5 15. Bf2 Nb6 16. Nc5 Bxc5 17. Qxc5 Nbd7 18.
Qc2 Qb6 19. h3 Rac8 20. e4 dxe4 21. fxe4 Nf8 22. Nf4 Ba6 23. e5 Nd5 24. Nh5 Ne6 25. Bxa6 Qxa6 26. Qe4 Red8 27. Qg4 Kh8 28. Bh4 Ne3 29. Qf3 Nxf1 30. Bxd8 Rxd8 31. Rxf1 Ng5 32. Qf4 Qd3 33. h4 Rxd4 34. Qf2 Qg6 0-1

[Event "Early-Titled-Tuesday-Blitz-August-29-2023"]
[Site "Chess.com"]
[Date "2023.08.29"]
[Round "8"]
[White "dropstoneDP"]
[Black "snowlord"]
[Result "0-1"]
[WhiteElo "2971"]
[BlackElo "2917"]
[TimeControl "180+1"]
[EndTime "9:26:50 PDT"]
[Termination "snowlord won by resignation"]

1. c4 e5 2. Nc3 Bb4 3. Nd5 a5 4. e3 Nf6 5. Nf3 Nxd5 6. cxd5 Qe7 7.
a3 Bc5 8. d4 exd4 9. Nxd4 O-O 10. Be2 d6 11. O-O Nd7 12. Rb1 Nf6 13. b4 Bb6 14.
Bb2 axb4 15. axb4 Nxd5 16. Qb3 Nf6 17. Bf3 Ng4 18. g3 h5 19. Qc2 Qg5 20. h4 Qf6 21. Bg2 Ne5 22. Rbe1 c6 23. f4 Ng4 24. Nxc6 Nxe3 25.
Rxe3 Bxe3+ 26. Kh2 Ra2 27. Bxf6 Rxc2 28. Ne7+ Kh8 29.
Nd5 gxf6 30. Nxe3 Rb2 31. Rd1 Re8 32. Rd3 Rxb4 33. Bf3 Rb2+ 34. Kg1 Bh3 35. Bxh5 Ra8 36. Bd1 Ra1 37. Rxd6 b5 38. g4 Re2 39. Rd8+ Kh7 40. Rd5 Rxe3 41. Kf2 Rea3 42. Bc2+ Kg7 43. Bf5 R1a2+ 44.
Ke1 Rb2 0-1

[Event "Early-Titled-Tuesday-Blitz-August-29-2023"]
[Site "Chess.com"]
[Date "2023.08.29"]
[Round "8"]
[White "tptagain"]
[Black "wonderfultime"]
[Result "0-1"]
[WhiteElo "2889"]
[BlackElo "2980"]
[TimeControl "180+1"]
[EndTime "9:26:51 PDT"]
[Termination "wonderfultime won by resignation"]

1. Nf3 d5 2. e3 Nf6 3. c4 c6 4. Nc3 a6 5. d4 Bf5 6. h3 e6 7. g4 Bg6 8. Ne5 Nfd7 9. Nxg6 hxg6 10. Bg2 dxc4 11. Qe2 Nb6 12. O-O N8d7 13. e4 e5 14. Be3 exd4 15. Bxd4 Bc5 16. Rad1 Bxd4 17. Rxd4 Qe7 18.
e5 O-O 19. f4 g5 20. fxg5 Qxe5 21. Qd2 Nc5 22. Re1 Qc7 23. Ne4 Nxe4 24. Rdxe4 Rad8 25. Qf2 Rd6 26. h4 Qd8 27. R1e2 Rd1+ 28. Kh2 Rd3 29.
Qf4 Nd5 30. Qe5 c3 31. Rf2 Rd2 32. Ree2 cxb2 33. Be4 Rxe2 34. Rxe2 Re8 35. Qxb2 Nf4 36. Re3 Ng6 37. Qf2 Qd6+ 38. Kg1 Qd1+ 39. Re1 Qxg4+ 40. Bg2 Rxe1+ 41. Qxe1 0-1

[Event "Early-Titled-Tuesday-Blitz-August-29-2023"]
[Site "Chess.com"]
[Date "2023.08.29"]
[Round "8"]
[White "jcreyes69"]
[Black "Maus7"]
[Result "0-1"]
[WhiteElo "2380"]
[BlackElo "2503"]
[TimeControl "180+1"]
[EndTime "9:26:51 PDT"]
[Termination "Maus7 won by resignation"]

1. e4 e5 2. Nf3 Nc6 3. Bb5 a6 4. Bxc6 dxc6 5. O-O Bd6 6. d4 exd4 7. Bg5 f6 8. Bh4 Bg4 9. Nbd2 c5 10. h3 Be6 11. e5 Be7 12. exf6 Nxf6 13. Re1 Bd5 14.
Qe2 Qd6 15. Bg3 Qd7 16. Ne5 Qb5 17. Nec4 Qd7 18. Ne5 Qb5 19. Ndc4 O-O 20. a4 Qe8 21. Nf3 Ne4 22. Bxc7 Qc6 23. Be5 Rae8 24. Ncd2 Nxd2 25. Nxd2 Bxg2 26. Qg4 Bf6 27. f4 Bxe5 28. fxe5 Bd5 29. h4 Qh6 30. Re2 Rf4 31. Qd7 Qg6+ 32. Kh2 Rxh4+ 33.
Qh3 Rxh3+ 34. Kxh3 Qh5+ 35. Kg3 Qxe2 36. Rf1 Qxd2 37.
Rf8+ 0-1

[Event "Early-Titled-Tuesday-Blitz-August-29-2023"]
[Site "Chess.com"]
[Date "2023.08.29"]
[Round "8"]
[White "abhidabhi"]
[Black "Aygehovit1992"]
[Result "1-0"]
[WhiteElo "2910"]
[BlackElo "2740"]
[TimeControl "180+1"]
[EndTime "9:26:52 PDT"]
[Termination "abhidabhi won by resignation"]

1. c4 g6 2. Nf3 Bg7 3. Nc3 d6 4.
g3 Nc6 5. Bg2 e5 6. d3 f5 7. O-O Nf6 8. Bg5 h6 9. Bxf6 Bxf6 10.
Rb1 h5 11. h4 Be6 12. Nd5 Bxd5 13. cxd5 Ne7 14. Qb3 b6 15. Rbc1 Kf7 16. Rc2 Rc8 17.
Rfc1 f4 18. gxf4 exf4 19. Rc4 Nf5 20. Rxf4 Be5 21. Re4 Re8 22. Bh3 Qf6 23. Qa4 Re7 24.
Nxe5+ dxe5 25. Rc6 Qg7 26. d6 Rd7 27. Qc4+ Kf8 28.
Qe6 Re8 29. dxc7 Rxc7 30. Rxc7 Rxe6 31. Rxg7 Kxg7 32. Rc4 Re7 33. Kg2 Nd4 34. e3 Nb5 35. a4 Nd6 36. Rc6 Ne8 37. Kf3 Nf6 38. b4 e4+ 39.
dxe4 Nxe4 40. a5 bxa5 41. bxa5 g5 42. Be6 Nf6 43. hxg5 Nh7 44. Kf4 h4 45. Bf5 Rf7 46. Kg4 h3 47. Rh6 h2 48. Rxh7+ Kg8 49. Rxh2 1-0

[Event "Early-Titled-Tuesday-Blitz-August-29-2023"]
[Site "Chess.com"]
[Date "2023.08.29"]
[Round "8"]
[White "M1711"]
[Black "starworld123"]
[Result "1-0"]
[WhiteElo "2572"]
[BlackElo "2757"]
[TimeControl "180+1"]
[EndTime "9:26:52 PDT"]
[Termination "M1711 won on time"]

1. e4 c5 2. Nf3 d6 3. d4 cxd4 4. Nxd4 g6 5. Nc3 Bg7 6. Be3 Nc6 7. Bc4 Nf6 8. f3 O-O 9. Bb3 Na5 10. Qd2 Bd7 11.
O-O-O Rc8 12. g4 Nc4 13. Bxc4 Rxc4 14. Kb1 Qc8 15. Nde2 b5 16. h4 b4 17. Nd5 Nxd5 18.
exd5 Qb7 19. Bh6 Rfc8 20. Bxg7 Kxg7 21. h5 Rxc2 22. Qd4+ f6 23. hxg6 hxg6 24. Qe3 Ba4 25. Nd4 Rg2 26. b3 Bb5 27. Qh6+ Kf7 28. Qh7+ Ke8 29.
Qxg6+ Kd7 30. Qf5+ Kd8 31. Rh8+ Kc7 32. Rc1+ Kb6 33. Qxc8 Bd3+ 34. Ka1 1-0

[Event "Early-Titled-Tuesday-Blitz-August-29-2023"]
[Site "Chess.com"]
[Date "2023.08.29"]
[Round "8"]
[White "Kubas1010"]
[Black "ProfessorChess101"]
[Result "1-0"]
[WhiteElo "2644"]
[BlackElo "2420"]
[TimeControl "180+1"]
[EndTime "9:26:52 PDT"]
[Termination "Kubas1010 won by checkmate"]

1. d4 d5 2. c4 e6 3. Nf3 Nf6 4. Nc3 Nbd7 5. cxd5 exd5 6. Bg5 Bb4 7. e3 O-O 8. Rc1 c6 9. Nd2 Re8 10. Bd3 Nf8 11. O-O Ng6 12. e4 dxe4 13. Ndxe4 Be7 14. Re1 Be6 15. Nc5 Bxc5 16. dxc5 h6 17. Bxf6 Qxf6 18.
Ne4 Qh4 19. Nd6 Nf4 20. Nxe8 Rxe8 21. Qf3 Rd8 22. Bf1 Bd5 23. Qg3 Qf6 24. Rcd1 h5 25.
h4 Ne6 26. b4 Qb2 27. a3 a5 28.
bxa5 Nxc5 29. Bc4 Qf6 30. Qg5 Qxg5 31. hxg5 Ne6 32. Bxd5 cxd5 33. g6 Ra8 34. Rxd5 h4 35. gxf7+ Kxf7 36. Rd7+ Ke8 37. Rxb7 Ra6 38. Rb6 Rxb6 39.
axb6 Kd7 40. Rxe6 Kxe6 41. b7 h3 42. b8=Q h2+ 43. Kxh2 Kf5 44. Qb5+ Kg6 45. Kg3 Kh7 46. Kg4 g5 47. Kh5 Kh8 48. Qd7 g4 49. Kg6 g3 50.
Qe8# 1-0

[Event "Early-Titled-Tuesday-Blitz-August-29-2023"]
[Site "Chess.com"]
[Date "2023.08.29"]
[Round "8"]
[White "Sunny_Star"]
[Black "Zampronha1971"]
[Result "0-1"]
[WhiteElo "2074"]
[BlackElo "2279"]
[TimeControl "180+1"]
[EndTime "9:26:52 PDT"]
[Termination "Zampronha1971 won on time"]

1. f4 c5 2. Nf3 Nc6 3. e4 d6 4. Nc3 a6 5. a4 e6 6. d4 cxd4 7. Nxd4 Nge7 8. Be3 Nxd4 9. Bxd4 Nc6 10. Be3 Be7 11. Qd2 O-O 12. g3 Qc7 13. Bg2 Na5 14.
Bf2 Nc4 15. Qc1 Bd7 16. O-O Rac8 17. Ne2 Bf6 18. c3 Rfd8 19. Rd1 Be8 20. Qc2 g6 21. b3 Na5 22. Rac1 b5 23. axb5 axb5 24. Nd4 Qb8 25. Qa2 Nc6 26. Qa6 Nxd4 27. cxd4 Bg7 28. d5 exd5 29. exd5 b4 30. Bh3 Rxc1 31. Rxc1 Bc3 32.
Bb6 Qa8 33. Qxa8 Rxa8 34. Bc7 Ra6 0-1

[Event "Early-Titled-Tuesday-Blitz-August-29-2023"]
[Site "Chess.com"]
[Date "2023.08.29"]
[Round "8"]
[White "CalinGheorghiu"]
[Black "AquivaRubinstein"]
[Result "0-1"]
[WhiteElo "2349"]
[BlackElo "2479"]
[TimeControl "180+1"]
[EndTime "9:26:53 PDT"]
[Termination "AquivaRubinstein won on time"]

1. d4 Nf6 2. Nf3 c5 3. d5 b5 4. c4 e6 5. Nc3 b4 6. Nb1 Bb7 7. dxe6 fxe6 8. g3 Be7 9. Bg2 O-O 10. O-O d5 11. cxd5 exd5 12. a3 a5 13. axb4 axb4 14.
Rxa8 Bxa8 15. b3 Ne4 16. Nfd2 Nc3 17. Nxc3 bxc3 18. Nc4 Kh8 19. Ne3 Bg5 20. f4 Bf6 21.
Nxd5 Bd4+ 22. Ne3 Nc6 23. Kh1 Nb4 24. Nc2 Bxg2+ 25. Kxg2 Qd5+ 26. Rf3 Qxb3 27. Ne3 Qxd1 28. Nxd1 c2 29. Nc3 Ra8 30. Nb5 Ra1 31. Nxd4 cxd4 32. Rb3 Rb1 33. Ra3 h6 34. Bd2 Rd1 0-1

[Event "Early-Titled-Tuesday-Blitz-August-29-2023"]
[Site "Chess.com"]
[Date "2023.08.29"]
[Round "8"]
[White "MBA_CHESS_2021"]
[Black "KNVB"]
[Result "1-0"]
[WhiteElo "2335"]
[BlackElo "2779"]
[TimeControl "180+1"]
[EndTime "9:26:54 PDT"]
[Termination "MBA_CHESS_2021 won by resignation"]

1. d4 Nf6 2. c4 e6 3. Nf3 b6 4. Nc3 Bb4 5. Bd2 Bb7 6. e3 O-O 7. Be2 d6 8. O-O Nbd7 9. Nb5 Bxd2 10. Nxd2 a6 11. Nc3 c5 12. Bf3 cxd4 13. exd4 Bxf3 14. Qxf3 Qc7 15. b3 Rac8 16. Rac1 b5 17. a4 bxc4 18. bxc4 Qa5 19. Qg3 Rfd8 20. Qxd6 Nb6 21. Qe7 Rd7 22. Nb3 Qxc3 23. Qxd7 Qxb3 24. Qb7 Qxa4 25. c5 Nbd5 26. Qxc8+ Ne8 27. c6 Kf8 28. Qd7 Qa5 29. Rfd1 g6 30. h3 Ndc7 31. d5 exd5 32. Re1 Ne6 33. Rxe6 fxe6 34.
c7 Qd2 35. c8=Q Qxc1+ 36. Qxc1 1-0

[Event "Early-Titled-Tuesday-Blitz-August-29-2023"]
[Site "Chess.com"]
[Date "2023.08.29"]
[Round "8"]
[White "Vesper2018"]
[Black "masterofpuppets2"]
[Result "0-1"]
[WhiteElo "2588"]
[BlackElo "2472"]
[TimeControl "180+1"]
[EndTime "9:26:54 PDT"]
[Termination "masterofpuppets2 won on time"]

1. e4 c5 2. Nc3 Nc6 3. Bb5 Nd4 4. Bc4 e6 5. Nge2 Nf6 6. O-O a6 7. a4 d5 8. exd5 exd5 9. Ba2 Nc6 10. d3 Nb4 11.
Bb3 Be7 12. a5 O-O 13. Nf4 Bg4 14. f3 Bc8 15. Re1 Re8 16. Na4 Qxa5 17. c3 Nxd3 18.
Nxd3 c4 19. Bg5 Bf5 20. Bc2 cxd3 21. Bxd3 Bxd3 22. Qxd3 h6 23. Be3 Qb5 24. Qd2 Rad8 25. Bd4 Nd7 26. b4 Bg5 27. Qa2 Bf6 28. Bf2 Ne5 29. Nc5 Nd3 30. Nxd3 Qxd3 31. Bb6 Rc8 32.
Rad1 Rxe1+ 33. Rxe1 Qxc3 34. Qf2 Qxb4 35. h3 d4 36. Rd1 Qxb6 0-1

[Event "Early-Titled-Tuesday-Blitz-August-29-2023"]
[Site "Chess.com"]
[Date "2023.08.29"]
[Round "8"]
[White "DenLaz"]
[Black "BrandonJacobson"]
[Result "1-0"]
[WhiteElo "3059"]
[BlackElo "3013"]
[TimeControl "180+1"]
[EndTime "9:26:55 PDT"]
[Termination "DenLaz won by resignation"]

1. d4 Nf6 2. c4 e6 3. Nf3 d5 4. g3 dxc4 5. Bg2 Nbd7 6. O-O c6 7. a4 a5 8. Qc2 b5 9. Ne5 Nxe5 10. dxe5 Nd5 11. axb5 cxb5 12. Nc3 Qb6 13. Nxd5 exd5 14. Bxd5 Ra7 15. Qe4 Bc5 16. Bc6+ Bd7 17. Bxd7+ Rxd7 18. Qa8+ Rd8 19. Qxa5 Qc6 20. Qa6 Qxa6 21. Rxa6 Kd7 22.
e6+ fxe6 23. Bf4 h6 24. Be5 Rhg8 25. Kg2 Ke7 26. Ra5 Rd5 27. Bc3 Rb8 28. Bxg7 Bd4 29. Bxd4 Rxd4 30. Kf3 Rd2 31. Rb1 Rc2 32. Ra7+ Kd6 33.
Ke3 Kc5 34. b4+ cxb3 35. Rxb3 Kc4 36. Rb1 Rc8 37. Rb7 Rc5 38. f4 Rc3+ 39. Ke4 Rc2 40. Kf3 Rc3+ 41. e3 Rd5 42. Rb6 e5 43. Rc6+ Kd3 44. Rd1+ Kc2 45. Rxd5 1-0

[Event "Early-Titled-Tuesday-Blitz-August-29-2023"]
[Site "Chess.com"]
[Date "2023.08.29"]
[Round "8"]
[White "tsaruk_maks"]
[Black "GMBenjaminBok"]
[Result "1-0"]
[WhiteElo "2771"]
[BlackElo "2904"]
[TimeControl "180+1"]
[EndTime "9:26:55 PDT"]
[Termination "tsaruk_maks won by resignation"]

1. e4 c5 2. Nf3 d6 3. Bb5+ Nd7 4. O-O a6 5. Bd3 Ngf6 6. c3 e6 7. Re1 b5 8. Bc2 Bb7 9. d4 Be7 10. a4 cxd4 11. cxd4 O-O 12. Nbd2 Qc7 13. Nf1 Rfc8 14. Bd3 bxa4 15. Rxa4 e5 16. Ng3 g6 17. Bg5 exd4 18. Rxd4 Nc5 19. Bc4 Qb6 20. e5 dxe5 21. Nxe5 Ne6 22. Bxe6 fxe6 23. Bxf6 Bxf6 24. Rd6 Qxb2 25.
Rxe6 Bg7 26. Re7 Re8 27. Rxg7+ Kxg7 28. Qd7+ Kh6 29. Nf7+ Kg7 30. Nd6+ Kh6 31. Nxe8 Qc3 32. Qh3+ Kg5 33. Ne4+ Bxe4 34. Qxc3 1-0

[Event "Early-Titled-Tuesday-Blitz-August-29-2023"]
[Site "Chess.com"]
[Date "2023.08.29"]
[Round "8"]
[White "AniJak"]
[Black "reevecanada"]
[Result "0-1"]
[WhiteElo "2383"]
[BlackElo "2517"]
[TimeControl "180+1"]
[EndTime "9:26:56 PDT"]
[Termination "reevecanada won by resignation"]

1. e4 c5 2. Nc3 Nc6 3. g3 Nd4 4. Bg2 g6 5. d3 Bg7 6. Be3 e6 7. Qd2 Ne7 8. Nd1 d6 9. c3 Ndc6 10. Bh6 O-O 11. h4 f6 12. Bxg7 Kxg7 13. h5 g5 14. f4 h6 15. fxg5 fxg5 16. Ne3 b5 17. Nf3 a5 18. d4 c4 19. d5 Ne5 20.
Nxe5 dxe5 21. Ng4 Qd6 22. O-O-O exd5 23. exd5 Bxg4 24. Rde1 Bf3 25. Bxf3 Rxf3 26. Re3 Raf8 27. Rhe1 Rxe3 28. Qxe3 Qxd5 29. Qa7 Rf7 30. Qxa5 Nf5 31. Qb6 Nxg3 32. Qg6+ Kf8 33. Qxh6+ Ke8 34. Qh8+ Kd7 35. Rd1 Rf1 36. Qg7+ Ke8 37. Qg6+ Qf7 38. Qc6+ Kf8 39. Qd6+ Kg8 40. h6 Qf4+ 41. Kb1 Qe4+ 42. Ka1 Rxd1+ 43.
Qxd1 Qd3 44. Qc1 Kh7 45. a3 Qf1 0-1

[Event "Early-Titled-Tuesday-Blitz-August-29-2023"]
[Site "Chess.com"]
[Date "2023.08.29"]
[Round "8"]
[White "BlitzWizard04"]
[Black "whiteglovethief"]
[Result "1-0"]
[WhiteElo "2587"]
[BlackElo "2410"]
[TimeControl "180+1"]
[EndTime "9:26:56 PDT"]
[Termination "BlitzWizard04 won on time"]

1. e4 e6 2. d4 d5 3. Nc3 Bb4 4. exd5 exd5 5. Bd3 Nf6 6. Ne2 O-O 7. a3 Be7 8. O-O c6 9. Bg5 Bg4 10. f3 Bh5 11. Nf4 Bg6 12. Nxg6 hxg6 13. f4 Ne8 14. Bxe7 Qxe7 15. f5 Qe3+ 16. Kh1 Qxd4 17. fxg6 fxg6 18. Rxf8+ Kxf8 19. Qf3+ Nf6 20. Bxg6 Nd7 21. Qh3 Ne5 22. Rf1 Nxg6 23. Ne2 Qc4 24. Ng3 Re8 25. b3 Qh4 26. Qf5 Ne7 27. Qd7 Kf7 28. Qxb7 Rh8 29. Kg1 Qxh2+ 30. Kf2 Rh3 31. Qc7 Rxg3 32. Qxg3 Qh7 33.
Kg1 Qxc2 34. b4 Qd2 35. Qe5 Ng6 36. Qd6 Kg8 37. Qxc6 Qe3+ 38. Kh1 d4 39. Qc8+ Kh7 40. Rf3 Qe1+ 41. Kh2 Ng4+ 42. Qxg4 Qe5+ 43. Kg1 Qd5 44.
Rh3+ Kg8 45. Qxg6 d3 46. Qh7+ Kf7 47. Rxd3 Ke7 48. Rxd5 1-0

[Event "Early-Titled-Tuesday-Blitz-August-29-2023"]
[Site "Chess.com"]
[Date "2023.08.29"]
[Round "8"]
[White "koncheto"]
[Black "WildTricks"]
[Result "1-0"]
[WhiteElo "2537"]
[BlackElo "2640"]
[TimeControl "180+1"]
[EndTime "9:26:57 PDT"]
[Termination "koncheto won on time"]

1. e4 c5 2. Nf3 d6 3. d4 cxd4 4.
Nxd4 Nf6 5. f3 e5 6. Nb3 d5 7. Bg5 d4 8. c3 Nc6 9. Bb5 h6 10. Bxf6 Qxf6 11. cxd4 exd4 12. Qxd4 Qg5 13. Bxc6+ bxc6 14. O-O a5 15. Nc3 a4 16. Nxa4 Ba6 17. Rfd1 Be7 18.
Qd7+ Kf8 19. Qxc6 Ra7 20. Nac5 g6 21. Nxa6 Kg7 22. Kh1 Rha8 23. Nc7 Rb8 24. Nd5 Bd8 25. Qc3+ Kg8 26. Nd4 Rab7 27. Nc6 Rxb2 28. Rg1 R8b5 29. Nxd8 Qxd8 30. Rad1 Qa8 31. Nc7 Qxa2 32. Rd8+ 1-0

[Event "Early-Titled-Tuesday-Blitz-August-29-2023"]
[Site "Chess.com"]
[Date "2023.08.29"]
[Round "8"]
[White "AlexanderL"]
[Black "Druid24"]
[Result "1-0"]
[WhiteElo "2848"]
[BlackElo "2667"]
[TimeControl "180+1"]
[EndTime "9:26:59 PDT"]
[Termination "AlexanderL won on time"]

1. Nf3 Nf6 2. c4 g6 3. Nc3 Bg7 4. e4 d6 5. d4 O-O 6. Be2 e5 7.
O-O Nbd7 8. Qc2 exd4 9. Nxd4 Re8 10. Rd1 Nc5 11. f3 a5 12. Be3 b6 13. Bf1 Bb7 14. Rd2 Nh5 15. Bf2 Nf4 16. Rad1 Qg5 17. Kh1 h5 18. Be3 Qf6 19. Ndb5 Re7 20. Nd5 Nxd5 21. cxd5 Rae8 22. b3 h4 23. h3 Qe5 24. a3 Qg3 25. Bf2 Qg5 26. b4 axb4 27. axb4 Na6 28. Qc4 Be5 29. Nd4 Qf4 30. Bg1 Nb8 31. Ra2 Nd7 32. Ra7 Bc8 33. Rxc7 Nf6 34. Rxe7 Nh5 35. Rxe8+ Kh7 36. Ne2 Qg5 37. Qxc8 1-0

[Event "Early-Titled-Tuesday-Blitz-August-29-2023"]
[Site "Chess.com"]
[Date "2023.08.29"]
[Round "8"]
[White "santosalberto1987"]
[Black "GMForgacs"]
[Result "1-0"]
[WhiteElo "2553"]
[BlackElo "2434"]
[TimeControl "180+1"]
[EndTime "9:26:59 PDT"]
[Termination "santosalberto1987 won on time"]

1. e4 e5 2. Nf3 Nc6 3. Bc4 Nf6 4. d3 h6 5. c3 d6 6. O-O g5 7. b4 Bg7 8. Nbd2 O-O 9. Re1 g4 10. Nh4 Nxe4 11. dxe4 Qxh4 12. Nf1 Be6 13. Bxe6 fxe6 14. Be3 Ne7 15. a4 Rf7 16. b5 Raf8 17. Bxa7 b6 18. a5 Qxf2+ 19. Kh1 Ng6 20. axb6 cxb6 21. Ne3 h5 22. Bxb6 Nf4 23. Rf1 Qh4 24. g3 Qh3 25.
gxf4 exf4 26. Nc4 f3 27. Ra2 g3 28. Kg1 f2+ 29. Rfxf2 gxf2+ 30. Rxf2 Rxf2 31. Bxf2 Be5 32. Nxe5 dxe5 33. Qe2 Rf7 34. c4 Rg7+ 35. Bg3 h4 36. Qh5 1-0

[Event "Early-Titled-Tuesday-Blitz-August-29-2023"]
[Site "Chess.com"]
[Date "2023.08.29"]
[Round "8"]
[White "GMKrikor"]
[Black "Alexei_Gubajdullin"]
[Result "1-0"]
[WhiteElo "2866"]
[BlackElo "2637"]
[TimeControl "180+1"]
[EndTime "9:27:00 PDT"]
[Termination "GMKrikor won by checkmate"]

1. Nf3 Nf6 2. c4 g6 3. Nc3 Bg7 4. e4 d6 5. d4 O-O 6. h3 Na6 7. Be3 e5 8. d5 Nd7 9. g4 f5 10. gxf5 gxf5 11. exf5 Ndc5 12. Rg1 Bxf5 13. a3 Bg6 14. b4 Rxf3 15. bxc5 Rxe3+ 16. fxe3 Qh4+ 17. Kd2 Nxc5 18. Qg4 Nb3+ 19. Kd1 Bh5 20. Qxh5 Qxh5+ 21. Be2 Qxh3 22. Rb1 Qxe3 23. Rxg7+ Kxg7 24. Rxb3 Qd4+ 25. Kc2 b6 26. Nb5 Qf2 27. Kd2 Rf8 28. Nxc7 Qd4+ 29.
Kc2 Qe4+ 30. Kd2 Rf2 31. Ne6+ Kf6 32. Re3 Qb1 33. Nc7 e4 34. Nb5 Ke5 35. Nc3 Qb2+ 36. Ke1 Rf4 37. Nd1 Rh4 38. Nxb2 Kf4 39. Kd2 h5 40.
Nd1 Rh2 41. Nc3 h4 42. Rxe4+ Kf5 43. Re8 h3 44. Rf8+ Kg6 45. Rh8 Kg7 46. Rh4 Rh1 47. Ne4 h2 48. Ke3 Kg6 49. Nf2 Ra1 50. Rxh2 Rxa3+ 51. Bd3+ Kf6 52. Ne4+ Ke7 53. Rh7+ Kd8 54. Nxd6 b5 55. c5 b4 56. c6 Rc3 57. Rd7# 1-0

[Event "Early-Titled-Tuesday-Blitz-August-29-2023"]
[Site "Chess.com"]
[Date "2023.08.29"]
[Round "8"]
[White "OparinGrigoriy"]
[Black "Vladimir_Zakhartsov"]
[Result "1/2-1/2"]
[WhiteElo "2982"]
[BlackElo "2920"]
[TimeControl "180+1"]
[EndTime "9:27:02 PDT"]
[Termination "Game drawn by agreement"]

1. Nf3 c5 2. g3 Nc6 3. Bg2 g6 4. c3 Bg7 5. d4 cxd4 6. cxd4 d5 7.
Nc3 Nf6 8. Bf4 Ne4 9. Ne5 Nxc3 10. bxc3 O-O 11. Nxc6 bxc6 12. Qa4 Qb6 13. O-O Qa6 14.
Qxa6 Bxa6 15. Rfb1 Bxe2 16. Re1 e5 17. Bxe5 Bxe5 18. dxe5 Bc4 19. a3 Rab8 20. Rab1 Rb6 21. Rb4 Rfb8 22. Reb1 Kf8 23. f4 Ke7 24. Kf2 c5 25.
Rxb6 Rxb6 26. Rxb6 axb6 27. Ke3 f6 28. h4 h6 29. Bh3 Bb5 30. Bc8 fxe5 31. fxe5 Bd7 32.
Ba6 g5 33. hxg5 hxg5 34. Be2 Bf5 35. Bf3 Ke6 36. Be2 Kxe5 37. Bf3 Be6 38. Be2 d4+ 39.
cxd4+ cxd4+ 40. Kd3 Bf5+ 41. Kd2 Be4 42. Ba6 Bd5 43. Bd3 Kd6 44. Bg6 Bc4 45. Be4 Kc5 46.
Bc2 Be6 47. Bd3 Bg4 48. Bf1 Bd7 49. Bd3 Bb5 50. Bg6 Bf1 51. Bf7 Kb5 52. Bb3 Bc4 53. Bc2 Ka5 54. Bd1 b5 55. Bc2 d3 56. Bd1 Kb6 57.
Kc3 Kc5 58. Bf3 Kd6 59. a4 Kc5 60. axb5 Bxb5 61. Be4 d2 62. Kxd2 Kd4 1/2-1/2

[Event "Early-Titled-Tuesday-Blitz-August-29-2023"]
[Site "Chess.com"]
[Date "2023.08.29"]
[Round "8"]
[White "wqws"]
[Black "xamax2000"]
[Result "1-0"]
[WhiteElo "2685"]
[BlackElo "2826"]
[TimeControl "180+1"]
[EndTime "9:27:02 PDT"]
[Termination "wqws won by resignation"]

1. e4 e5 2. Nf3 Nc6 3. Bb5 a6 4. Ba4 Nf6 5. d3 Bc5 6. c3 b5 7. Bb3 d5 8. exd5 Nxd5 9. O-O O-O 10. Nbd2 Bg4 11. h3 Bh5 12. Re1 f6 13. Ne4 Ba7 14. c4 bxc4 15. dxc4 Ndb4 16. c5+ Kh8 17. Qxd8 Raxd8 18. g4 Bg6 19. Bd2 Nd3 20. Re2 Nxb2 21. Bc3 Nd3 22.
Ba4 Nf4 23. Ree1 Nd4 24. Nxd4 exd4 25. Ba5 Nxh3+ 26. Kh2 Ng5 27. Nxg5 fxg5 28. Bxc7 Rxf2+ 29. Kg1 Rdf8 30. Bd6 d3 31. Rf1 Rxf1+ 32. Rxf1 Rf6 33. Rxf6 gxf6 34. Kf2 h5 35. gxh5 Bxh5 36. Ke3 Bg6 37. Kd2 Kg7 38. c6 Be8 39. c7 1-0

[Event "Early-Titled-Tuesday-Blitz-August-29-2023"]
[Site "Chess.com"]
[Date "2023.08.29"]
[Round "8"]
[White "brm72"]
[Black "ValentunHulka"]
[Result "0-1"]
[WhiteElo "2561"]
[BlackElo "2760"]
[TimeControl "180+1"]
[EndTime "9:27:02 PDT"]
[Termination "ValentunHulka won by resignation"]

1. e4 c5 2. Nf3 Nc6 3. Bb5 Nf6 4. Nc3 g6 5. O-O Bg7 6. Re1 O-O 7. h3 d6 8. a4 e5 9. Bc4 h6 10. d3 Kh7 11. a5 Nxa5 12. Ba2 Nc6 13. Be3 a6 14. Qd2 Nb4 15. Bb3 Qe7 16. Ne2 Be6 17. Bxe6 Qxe6 18. c3 Nc6 19. Ng3 Rfe8 20. d4 exd4 21. cxd4 cxd4 22.
Nxd4 Nxd4 23. Bxd4 Rac8 24. Ra5 Rc4 25. h4 h5 26. b3 Rc6 27. Qd3 d5 28. Bxf6 Bxf6 29. Rxd5 Bxh4 30. Nxh5 Qg4 31. Ng3 Bxg3 32. fxg3 Rce6 33.
Rd7 R6e7 34. Rd4 Qg5 35. Kf2 Qf6+ 36. Kg1 Kg8 37. Rf1 Qb6 38. Kh2 Re5 39. Rf4 Rh5+ 40.
Rh4 Rxh4+ 41. gxh4 Qc7+ 42. Kh3 Qc8+ 43. Kh2 Qg4 44. Qg3 Qe6 45. h5 Kg7 46. Rd6 Qe5 47. hxg6 Rh8+ 0-1

[Event "Early-Titled-Tuesday-Blitz-August-29-2023"]
[Site "Chess.com"]
[Date "2023.08.29"]
[Round "8"]
[White "RandomNoob04"]
[Black "falzehope0"]
[Result "1-0"]
[WhiteElo "2636"]
[BlackElo "2420"]
[TimeControl "180+1"]
[EndTime "9:27:02 PDT"]
[Termination "RandomNoob04 won on time"]

1. e4 d5 2. exd5 Nf6 3. Nf3 Qxd5 4. Nc3 Qh5 5. Nb5 Na6 6. d4 Bg4 7. Bf4 O-O-O 8. Nxa7+ Kb8 9. Bxa6 Qa5+ 10. Qd2 Qxa6 11.
Ne5 Bh5 12. Nac6+ bxc6 13. c4 e6 14. O-O Bd6 15. Rfe1 Bxe5 16. Rxe5 Qxc4 17. Qa5 Rd5 18. Qa3 Qxd4 19. Rxd5 Nxd5 20. Bg3 Rd8 21. h3 Kc8 22.
Rc1 Kd7 23. Qa6 Qb6 24. Qc4 Bg6 25. a4 Ra8 26. b3 Qa6 27. Qd4 f6 28. Qc5 Qb6 29.
Qc4 e5 30. Rd1 Bf7 31. Qg4+ Be6 32. Qxg7+ Kd6 33. Qxf6 Re8 34. Qxe5+ Kd7 35. b4 Kc8 36. a5 1-0